 Dungeon Crawl Stone Soup version 0.22.1-1-ga44c0e5 (webtiles) character file.

2101 Fang the Cleaver (level 9, 0/84 HPs)
             Began as a Gargoyle Berserker on Nov 9, 2018.
             Was an Elder of Trog.
             Slain by a hound (3 damage)
             ... on level 7 of the Dungeon.
             The game lasted 00:09:34 (6422 turns).

Fang the Cleaver (Gargoyle Berserker)               Turns: 6422, Time: 00:09:35

Health: 0/84       AC: -3    Str: 28    XL:     9   Next: 28%
Magic:  9/9        EV: 13    Int: 11    God:    Trog [****..]
Gold:   394        SH:  3    Dex: 13    Spells: 8/8 levels left

rFire    . . .     SeeInvis .   e - +1 war axe
rCold    + + +     Gourm    .   (no shield)
rNeg     + . .     Faith    .   y - +2 leather armour "Rocok" {-Tele rC+++ Dex+4}
rPois    ∞         Spirit   .   (no helmet)
rElec    +         Reflect  +   (no cloak)
rCorr    .         Harm     .   (no gloves)
MR       +....     NoTele   +   (no boots)
Stlth    ..........             l - +3 amulet of reflection
HPRegen  0.24/turn              p - +2 ring of intelligence
MPRegen  0.11/turn              r - ring of protection from magic

@: berserking, corroded, very quick
A: negative energy resistance 1, electricity resistance, unbreathing,
petrification resistance, rot immunity, AC +6
a: Berserk, Trog's Hand, Brothers in Arms, Renounce Religion


You were on level 7 of the Dungeon.
You worshipped Trog.
Trog was greatly pleased with you.
You were hungry.

You visited 1 branch of the dungeon, and saw 7 of its levels.

You collected 394 gold pieces.

Inventory:

Hand Weapons
 e - a +1 war axe (weapon)
Missiles
 s - 3 javelins of returning (quivered)
Armour
 m - a +1 ring mail
 y - the +2 leather armour "Rocok" (worn) {-Tele rC+++ Dex+4}
   (You found it on level 6 of the Dungeon)

   It affects your dexterity (+4).
   It renders you almost immune to cold.
   It prevents most forms of teleportation.
Jewellery
 d - an uncursed amulet of rage
 l - a +3 amulet of reflection (around neck)
 p - a +2 ring of intelligence (left hand)
 r - a ring of protection from magic (right hand)
 z - an uncursed ring of resist corrosion
Scrolls
 f - 8 scrolls of teleportation
 h - 3 scrolls of remove curse
 k - a scroll of identify
 q - 2 scrolls of enchant armour
Potions
 b - a potion of agility
 g - 2 potions of magic
 i - a potion of might
 j - 4 potions of brilliance
 n - 5 potions of curing
 o - a potion of lignification
 x - a potion of haste
Comestibles
 a - 5 chunks of flesh
 c - 11 rations


   Skills:
 + Level 6.4 Fighting
 + Level 8.2 Axes
 + Level 5.9 Armour
 + Level 3.8 Dodging
 + Level 1.8 Stealth


You had 8 spell levels left.
You didn't know any spells.
Your spell library was empty.

Dungeon Overview and Level Annotations

Branches:
Dungeon (7/15)
 Temple: D:4-7

Altars:
Ashenzari
Okawaru
Qazlal
Sif Muna
Trog
The Shining One

Shops:
D:5 =   D:6 (


Innate Abilities, Weirdness & Mutations

You are resistant to torment.
Your stone body is resilient. (AC +6)
You are immune to poison.
You resist negative energy. (rN+)
You are resistant to electric shocks. (rElec)
You can survive without breathing.
You are immune to petrification.
You are immune to rotting.


Message History

A red film seems to cover your vision as you go berserk!
You feel yourself moving faster!
You feel mighty!
You are feeling hungry.
The hound misses you. You block the jelly's attack.
The hound pauses to sniff the ground.
The hound closely misses you.
You slash the jelly!
You kill the jelly!
Trog accepts your kill.
You closely miss the hound. The hound bites you.
* * * LOW HITPOINT WARNING * * *
You barely miss the hound. You block the hound's attack.
You hit the hound.
The hound is moderately wounded.
The hound bites you.
* * * LOW HITPOINT WARNING * * *
You barely miss the hound.
The hound is moderately wounded.
The hound bites you.
You die...

#.# #.# #.######
#......# . #....#.#
... #.##.#.#
.....#<##.#.##
..............#
.....>..#...@.#
........#..h.......#
...##.###....#######
.. ... .......# .
.##.####.#.... . #.
#.##.### #.# .. #..
.#.


You could see a hound.

Vanquished Creatures
  Sigmund (D:4)
  Edmund (D:5)
  3 orc warriors
  An ice beast (D:4)
  A phantom (D:3)
  2 ogres
  A centaur (D:5)
  A scorpion (D:6)
  A howler monkey (D:4)
  A bullfrog zombie (D:5)
  A jelly (D:7)
  A gnoll shaman (D:4)
  3 hounds
  2 orc priests
  7 orc wizards
  4 iguanas (D:6)
  5 worker ants
  A hound zombie (D:5)
  A howler monkey zombie (D:6)
  A worker ant zombie (D:5)
  7 gnolls
  9 adders
  A river rat (D:4)
  A shadow imp (D:6)
  An adder zombie (D:6)
  An adder skeleton (D:5)
  5 worms
  3 dart slugs
  8 leopard geckos
  23 orcs
  2 giant cockroaches
  11 goblins
  4 hobgoblins
  6 kobolds
  3 quokkas
  3 ball pythons
  10 bats
  2 frilled lizards
  A jackal zombie (D:5)
  A quokka skeleton (D:4)
  A quokka zombie (D:5)
  9 rats
151 creatures vanquished.

Notes
Turn   | Place    | Note
-------+----------+-------------------------------------------
     0 | D:1      | Fang the Gargoyle Berserker began the quest for the Orb.
     0 | D:1      | Reached XP level 1. HP: 14/14 MP: 1/1
   158 | D:1      | Reached XP level 2. HP: 19/19 MP: 2/2
   237 | D:1      | Reached skill level 3 in Axes
   540 | D:1      | Reached XP level 3. HP: 24/24 MP: 3/3
   967 | D:2      | Found an iron altar of Okawaru.
  1004 | D:2      | Found a shattered altar of Ashenzari.
  1042 | D:2      | Reached ** piety under Trog
  1759 | D:3      | Reached XP level 4. HP: 18/29 MP: 4/4
  1773 | D:3      | Reached skill level 4 in Axes
  1773 | D:3      | Reached XP level 5. HP: 11/33 MP: 5/5
  2043 | D:3      | Reached skill level 1 in Stealth
  2311 | D:3      | Found a glowing golden altar of the Shining One.
  2540 | D:3      | Found a deep blue altar of Sif Muna.
  2746 | D:3      | Reached XP level 6. HP: 9/39 MP: 6/6
  3225 | D:4      | Reached skill level 5 in Axes
  3265 | D:4      | Noticed a phantom
  3517 | D:3      | Killed a phantom
  3517 | D:3      | Reached XP level 7. HP: 35/44 MP: 7/7
  3606 | D:4      | Noticed Sigmund
  3612 | D:4      | Reached skill level 5 in Fighting
  3625 | D:4      | Killed Sigmund
  3710 | D:4      | Reached *** piety under Trog
  3812 | D:4      | Reached skill level 6 in Axes
  3814 | D:4      | Reached XP level 8. HP: 7/49 MP: 8/8
  4437 | D:4      | Reached skill level 5 in Armour
  4517 | D:5      | Entered Level 5 of the Dungeon
  4681 | D:5      | Found Liafel's Jewellery Shoppe.
  4777 | D:5      | Reached skill level 7 in Axes
  4988 | D:5      | Noticed Edmund
  4998 | D:5      | Reached **** piety under Trog
  5020 | D:5      | Killed Edmund
  5604 | D:6      | Found Haupraups's Antique Weapon Shoppe.
  5609 | D:6      | Reached XP level 9. HP: 50/55 MP: 9/9
  5875 | D:6      | Found a stormy altar of Qazlal.
  5904 | D:6      | Got a translucent leather armour
  5915 | D:6      | Identified the +2 leather armour "Rocok" {-Tele rC+++
                  | Dex+4} (You found it on level 6 of the Dungeon)
  6061 | D:6      | Found a bloodstained altar of Trog.
  6077 | D:6      | Reached skill level 8 in Axes
  6346 | D:6      | Received a gift from Trog
  6421 | D:7      | HP: 3/84 [hound (6)]
  6422 | D:7      | Slain by a hound

Skill      XL: |  1  2  3  4  5  6  7  8  9 |
---------------+----------------------------+-----
Axes           | 3 4 5 6 7 8 |  8.2
Fighting       | 4 5 6 |  6.4
Dodging        | 2 3 |  3.8
Stealth        | 1 |  1.8
Armour         | 3 4 5 |  5.9

Action                   |  1- 3 |  4- 6 |  7- 9 || total
-------------------------+-------+-------+-------++-------
Melee: Hand axe          |   129 |   160 |   347 ||   636
       War axe           |       |       |    19 ||    19
Invok: Berserk           |       |     1 |     6 ||     7
  Use: Scroll            |       |     2 |    19 ||    21
 Stab: Distracted        |     1 |       |       ||     1
  Eat: Chunk             |     1 |     6 |    14 ||    21
       Ration            |       |     1 |       ||     1
Armor: Animal skin       |    52 |       |       ||    52
       Ring mail         |    28 |    78 |   110 ||   216
       Leather armour    |       |       |     7 ||     7
Dodge: Dodged            |    97 |    84 |   186 ||   367
Block: Other             |       |       |    20 ||    20
